 Dungeon Crawl Stone Soup version 0.23.2-33-g5129a83184 (webtiles) character file.

Game seed: 13345542511652665816

620 KamiKatze the Chopper (level 7, -5/67 HPs)
             Began as a Gargoyle Berserker on July 21, 2019.
             Was a Believer of Trog.
             Slain by an ogre
             ... wielding a +0 giant club
              (24 damage)
             ... on level 3 of the Dungeon.
             The game lasted 00:11:25 (3336 turns).

KamiKatze the Chopper (Gargoyle Berserker)          Turns: 3336, Time: 00:11:26

Health: -5/67      AC: 12    Str: 28    XL:     7   Next: 46%
Magic:  7/7        EV: 10    Int:  7    God:    Trog [**....]
Gold:   130        SH:  0    Dex:  9    Spells: 6/6 levels left

rFire    . . .     SeeInvis .   a - +0 hand axe
rCold    . . .     Gourm    .   (no shield)
rNeg     + . .     Faith    .   d - +0 scale mail
rPois    ∞         Spirit   .   (no helmet)
rElec    +         Reflect  .   i - +0 cloak
rCorr    .         Harm     .   (no gloves)
MR       .....                  (no boots)
Stlth    ..........             (no amulet)
HPRegen  0.21/turn              (no ring)
MPRegen  0.10/turn              (no ring)

@: berserking, very quick
A: negative energy resistance 1, electricity resistance, unbreathing,
petrification resistance, rot immunity, AC +4
a: Berserk, Trog's Hand, Renounce Religion


You were on level 3 of the Dungeon.
You worshipped Trog.
Trog was pleased with you.
You were hungry.

You visited 1 branch of the dungeon, and saw 4 of its levels.

You collected 130 gold pieces.

Inventory:

Hand Weapons
 a - a +0 hand axe (weapon)
 k - a +1 whip of distortion
 t - a +2 flail of draining
Missiles
 e - 92 stones (quivered)
 n - 55 sling bullets
Armour
 d - a +0 scale mail (worn)
 i - a +0 cloak (worn)
Jewellery
 g - a +1 ring of protection {unknown}
 q - an uncursed ring of resist corrosion {unknown}
Wands
 h - a wand of acid (7)
Scrolls
 b - a scroll of enchant armour {unknown}
 j - a scroll of magic mapping {unknown}
 l - 5 scrolls of identify {unknown}
 m - a scroll of amnesia {unknown}
 o - 2 scrolls of remove curse {unknown}
 p - 3 scrolls of teleportation {unknown}
Potions
 f - 3 potions of curing {unknown}
 r - 2 potions of haste {unknown}
Comestibles
 c - 11 rations
 s - 4 chunks of flesh


   Skills:
 + Level 5.9 Fighting
 * Level 6.4 Axes
 - Level 2.1 Armour
 - Level 1.5 Dodging


You had 6 spell levels left.
You didn't know any spells.
Your spell library was empty.

Dungeon Overview and Level Annotations

Branches:
Dungeon (4/15)
 Temple: D:4-7

Altars:
Ashenzari
Cheibriados
Okawaru
Xom

Annotations:
D:4 Natasha


Innate Abilities, Weirdness & Mutations

You are resistant to torment.
Your stone body is resilient. (AC +4)
You are immune to poison.
You resist negative energy. (rN+)
You are resistant to electric shocks. (rElec)
You can survive without breathing.
You are immune to petrification.
You are immune to rotting.


Message History

You butcher the orc corpse.
s - 4 chunks of flesh (gained 2)
Things that are here:
a +2 flail of draining; a +0 scale mail; an orc skeleton
t - a +2 flail of draining You see here a dagger.
Things that are here:
a +0 scale mail; an orc skeleton
There is a stone staircase leading up here.
The ogre shouts!
The ogre hits you with a +0 giant club!
* * * LOW HITPOINT WARNING * * *
You climb upwards.
There is a stone staircase leading down here.
A red film seems to cover your vision as you go berserk!
You feel yourself moving faster!
You feel mighty!
You are feeling hungry.
You barely miss the ogre.
The ogre hits you with a +0 giant club!!
You die...

<÷........# ##........#
...############## ####
#..........#
#..........# ###
#..........# ).#
#..........#
#.####.........[##
.....'.........O@#
#....#..........[#
###..###########)######
#....# #.##...# ##.#.#
#.##.#.# #.#.# #....#.#
#.#.# ########.# #.#.#
#...##...# ####.#.#
#.#.##.###


You could see an ogre.

Vanquished Creatures
  Grinder (D:3)
  A gnoll shaman (D:3)
  2 orc wizards (D:4)
  A bullfrog skeleton (D:4)
  Ijyb (D:3)
  3 worker ants
  8 gnolls
  5 adders
  2 worms (D:2)
  2 dart slugs
  A leopard gecko (D:2)
  11 orcs
  6 giant cockroaches
  10 goblins
  7 hobgoblins
  7 jackals
  6 kobolds
  3 bats
  5 frilled lizards
  5 rats
87 creatures vanquished.

Notes
Turn   | Place    | Note
-------+----------+-------------------------------------------
     0 | D:1      | KamiKatze the Gargoyle Berserker began the quest for the
                  | Orb.
     0 | D:1      | Reached XP level 1. HP: 14/14 MP: 1/1
   237 | D:1      | Reached skill level 3 in Axes
   321 | D:1      | Reached XP level 2. HP: 15/19 MP: 2/2
   771 | D:2      | Reached XP level 3. HP: 24/24 MP: 3/3
  1123 | D:1      | Reached XP level 4. HP: 13/29 MP: 4/4
  1251 | D:1      | Reached skill level 4 in Axes
  1355 | D:2      | Found a shattered altar of Ashenzari.
  1588 | D:2      | Found a snail-covered altar of Cheibriados.
  1749 | D:2      | Reached ** piety under Trog
  1798 | D:3      | Reached XP level 5. HP: 23/34 MP: 5/5
  2009 | D:3      | Noticed Grinder
  2025 | D:3      | Killed Grinder
  2025 | D:3      | Reached skill level 5 in Fighting
  2025 | D:3      | Reached skill level 5 in Axes
  2025 | D:3      | Reached XP level 6. HP: 40/40 MP: 6/6
  2187 | D:3      | Found a shimmering altar of Xom.
  2188 | D:3      | Found a shimmering altar of Xom.
  2189 | D:3      | Found a shimmering altar of Xom.
  2191 | D:3      | Found a shimmering altar of Xom.
  2192 | D:3      | Found a shimmering altar of Xom.
  2192 | D:3      | Found a shimmering altar of Xom.
  2193 | D:3      | Found a shimmering altar of Xom.
  2208 | D:3      | Noticed Ijyb
  2222 | D:3      | Killed Ijyb
  2636 | D:3      | Reached skill level 6 in Axes
  2636 | D:3      | Reached XP level 7. HP: 36/44 MP: 7/7
  3020 | D:4      | Noticed Natasha
  3117 | D:4      | Found an iron altar of Okawaru.
  3336 | D:3      | Slain by an ogre

Skill      XL: |  1  2  3  4  5  6 |
---------------+-------------------+-----
Axes           | 3 4 5 6 |  6.4
Fighting       | 4 5 |  5.9
Armour         | |  2.1
Dodging        | |  1.5

Action                   |  1- 3 |  4- 6 |  7- 9 || total
-------------------------+-------+-------+-------++-------
Melee: Hand axe          |   127 |   171 |    91 ||   389
Invok: Berserk           |       |     3 |     2 ||     5
       Trog's Hand       |       |     1 |     2 ||     3
  Eat: Chunk             |     1 |     7 |     5 ||    13
Armor: Animal skin       |     7 |       |       ||     7
       Scale mail        |    66 |   101 |    59 ||   226
Dodge: Dodged            |    77 |    84 |    59 ||   220
